 Dungeon Crawl Stone Soup version 0.22-a0-525-gf69a080 (webtiles) character file.

75 iamserjio the Charmwright (level 4, -1/23 HPs)
             Began as a Vine Stalker Skald on June 21, 2018.
             Slain by Purgy (6 damage)
             ... in a sewer.
             The game lasted 00:05:45 (447 turns).

iamserjio the Charmwright (Vine Stalker Skald)       Turns: 447, Time: 00:05:46

Health: -1/23      AC:  6    Str: 15    XL:     4   Next: 31%
Magic:  0/9        EV: 11    Int: 13    God:
Gold:   25         SH:  0    Dex: 13    Spells: 0/8 levels left

rFire    . . .     SeeInvis .     - Unarmed
rCold    . . .     Gourm    .   (no shield)
rNeg     . . .     Faith    .   e - +0 ring mail
rPois    .         Spirit   +   g - +0 helmet
rElec    .         Reflect  .   (no cloak)
rCorr    .         Harm     .   (no gloves)
MR       .....                  (no boots)
Stlth    +.........             (no amulet)
HPRegen  0.47/turn              (no ring)
MPRegen  0.11/turn              (no ring)

@: infused (expiring), very slightly contaminated, hasted, very quick
A: fangs 2, regeneration 1, magic shield, antimagic bite, no potion heal 3, rot
immunity
a: no special abilities


You were in a sewer.
You were not hungry.

You visited 1 branch of the dungeon, and saw 3 of its levels.
You also visited: Sewer.

You collected 25 gold pieces.

Inventory:

Armour
 a - a +0 leather armour
 e - a +0 ring mail (worn)
 g - a +0 helmet (worn)
Scrolls
 b - 2 scrolls of identify {unknown}
 d - a scroll of fog {unknown}
 f - a scroll of enchant weapon {unknown}
 h - a scroll of teleportation {unknown}
Comestibles
 c - 2 rations


   Skills:
 + Level 2.3 Fighting
 - Level 0.7 Armour
 - Level 1.5 Dodging
 * Level 3.2 Unarmed Combat
 + Level 2.8 Spellcasting
 + Level 3.4 Charms
 + Level 0.2 Necromancy


You couldn't memorise any spells.
You knew the following spells:

 Your Spells              Type           Power        Failure   Level  Hunger
a - Infusion              Chrm           ##..         12%         1    #......
b - Song of Slaying       Chrm           ##......     17%         2    ###....
c - Regeneration          Chrm/Necr      #.........   54%         3    ###....
d - Shroud of Golubria    Chrm/Tloc      #.........   34%         2    ###....

Your spell library contained the following spells:

 Spells                   Type           Power        Failure   Level  Hunger
 Spectral Weapon          Hex/Chrm       #.......     56%         3    ###....


Dungeon Overview and Level Annotations

Branches:
Dungeon (3/15)

Altars:

Annotations:
Sewer Purgy


Innate Abilities, Weirdness & Mutations

You have extremely sharp teeth.
Your natural rate of healing is unusually fast.
When hurt, damage is shared between your health and your magic reserves.
Your bite disrupts and absorbs the magic of your enemies.
Potions cannot restore your health.
You are immune to rotting.


Message History

You hit Purgy.
Purgy is almost dead.
Purgy bites you.
* * * LOW HITPOINT WARNING * * *
Purgy barely misses you. x2
You hit Purgy. Your bite misses Purgy.
Purgy is almost dead.
You closely miss Purgy. Your bite misses Purgy.
Purgy is almost dead.
Purgy closely misses you. Purgy claws you but does no damage.
Purgy barely misses you.
You closely miss Purgy.
Purgy is almost dead.
Purgy closely misses you. Purgy claws you but does no damage. x2
You closely miss Purgy. You bite Purgy, but do no damage.
Purgy is almost dead.
You barely miss Purgy. Your bite misses Purgy.
Purgy is almost dead.
Purgy bites you!
You die...

≈≈≈≈≈≈≈≈≈≈
≈≈≈≈≈≈≈≈.
≈≈≈≈≈≈≈≈≈.
≈≈≈≈≈≈≈≈≈.
#≈≈≈≈≈≈≈.#
#≈≈≈≈≈≈≈≈#######
#≈≈≈≈≈≈≈≈≈.≈.≈≈.
#≈≈≈≈≈≈≈T#
#≈≈≈≈≈≈≈@#
≈≈≈≈≈≈≈≈##
≈≈≈≈≈≈≈≈##
≈≈≈≈≈≈≈≈.### ##
≈≈≈≈≈≈≈≈≈..# #.
≈≈≈≈≈≈≈≈≈≈.###
###.
≈≈≈≈≈≈≈≈≈≈...##
#.≈≈
≈≈≈≈≈≈≈≈≈≈≈≈≈≈###
#≈≈≈
#≈≈≈≈≈≈≈≈≈≈≈≈≈.≈##
##.≈≈


You could see Purgy.

Vanquished Creatures
  Robin (D:2)
  An adder (Sewer)
  A dart slug (D:2)
  2 ball pythons
  18 giant cockroaches
  4 hobgoblins (D:2)
  2 bats (D:2)
  3 frilled lizards (Sewer)
  11 goblins (D:2)
  A kobold (D:1)
  2 rats
46 creatures vanquished.

Notes
Turn   | Place    | Note
-------+----------+-------------------------------------------
     0 | D:1      | iamserjio the Vine Stalker Skald began the quest for the Orb.
     0 | D:1      | Reached XP level 1. HP: 11/11 MP: 4/4
    62 | D:1      | Reached XP level 2. HP: 10/15 MP: 6/6
    69 | D:2      | Learned a level 2 spell: Song of Slaying
   188 | D:2      | Noticed Robin
   195 | D:2      | Reached XP level 3. HP: 18/18 MP: 7/7
   218 | D:2      | Killed Robin
   282 | D:2      | Learned a level 3 spell: Regeneration
   348 | D:3      | Found a glowing drain.
   352 | D:3      | Gained mutation: Your natural rate of healing is unusually fast. [Vine Stalker growth]
   352 | D:3      | Reached XP level 4. HP: 12/23 MP: 9/9
   371 | Sewer    | Entered a sewer
   398 | Sewer    | Learned a level 2 spell: Shroud of Golubria
   425 | Sewer    | Noticed Purgy
   447 | Sewer    | Slain by Purgy

Vault maps used:
D:1:      minmay_arrival_jagged, hangedman_decor_clover_reticule
D:2:      minmay_roachtagon, first_ration, uniq_robin, uniq_natasha
D:3:      lemuel_round_altar, cheibrodos_ashenzari_chains, portal_sewer_entry_f
Sewer:    sewer_co_purgy_island

Skill      XL: |  1  2  3 |
---------------+----------+-----
Fighting       | 2 |  2.3
Unarmed Combat | 3 |  3.2
Armour         | |  0.7
Dodging        | |  1.5
Spellcasting   | |  2.8
Charms         | |  3.4
Necromancy     | |  0.2

Action                   |  1- 3 |  4- 6 || total
-------------------------+-------+-------++-------
Melee: Unarmed           |   126 |    50 ||   176
       Bite              |    26 |     8 ||    34
       Punch             |     3 |     1 ||     4
 Cast: Infusion          |       |     1 ||     1
       Song of Slaying   |       |     1 ||     1
  Use: Potion            |       |     1 ||     1
 Stab: Sleeping          |     1 |       ||     1
Armor: Leather armour    |    16 |       ||    16
       Ring mail         |    25 |    30 ||    55
Dodge: Dodged            |    69 |    44 ||   113

Table legend:
 A = Spawn XP
 B = Non-spawn XP
 C = Spawn XP percentage of total XP
 D = Spawn monster count
 E = Non-spawn monster count
 F = Spawn count percentage of total count
 G = Total turns spent on level
                    A         B        C        D         E        F      G
               +---------+---------+-------+---------+---------+-------+---------
         Total |       0 |     108 |   0.0 |       0 |      46 |   0.0 |   447
               +---------+---------+-------+---------+---------+-------+---------
           D:1 |       0 |       4 |   0.0 |       0 |       3 |   0.0 |    30
           D:2 |       0 |      77 |   0.0 |       0 |      33 |   0.0 |   305
           D:3 |       0 |      10 |   0.0 |       0 |       5 |   0.0 |    36
         Sewer |       0 |      17 |   0.0 |       0 |       5 |   0.0 |    76
               +---------+---------+-------+---------+---------+-------+---------
